 Seeded DCSS version 0.30.1-11-g7821555f0a (webtiles) character file.

Game seed: 5 (custom seed)

47299 Kazon the Messiah (level 14, -3/121 HPs)
             Began as a Hill Orc Monk on Nov 1, 2023.
             Was the Champion of Beogh.
             Killed from afar by Nikola (11 damage)
             ... with an arc of chain lightning
             ... on level 1 of the Snake Pit on Nov 6, 2023.
             The game lasted 02:15:06 (15553 turns).

Kazon the Messiah (Hill Orc Monk)                  Turns: 15553, Time: 02:15:06

Health: -3/121     AC: 32    Str: 22    XL:     14   Next: 41%
Magic:  0/23       EV:  8    Int: 10    God:    Beogh [******]
Gold:   1254       SH:  0    Dex: 13    Spells: 13/13 levels left

rFire   . . .        e - +4 falchion "Giantbane" {drain, rElec}
rCold   . . .        d - orb {light}
rNeg    . . .        r - +3 plate armour of Trial and Error {+Blink Regen+}
rPois   .            g - +1 helmet
rElec   +            b - +0 cloak
rCorr   .            n - +1 pair of gloves {Str+3}
SInv    .            (no boots)
Will    +....        F - amulet of guardian spirit Stlth
                     Q - +4 ring of protection
HPRegen 1.20/turn    W - +4 ring of protection
MPRegen 0.18/turn

%: guardian spirit
@: lethally poisoned (-3 -> -13), on blink cooldown, slowed, glowing, very slow
A: walk on water
a: Renounce Religion, Evoke Blink, Smiting, Recall Orcish Followers, Give Item
to Named Follower, Resurrection


You were on level 1 of the Snake Pit.
You worshipped Beogh.
Beogh was exalted by your worship.
You visited 4 branches of the dungeon, and saw 19 of its levels.
You also visited: Ossuary.

You collected 2077 gold pieces.
You spent 823 gold pieces at shops.

Inventory:

Hand Weapons
 e - the +4 falchion "Giantbane" (weapon) {drain, rElec}
   (You bought it in a shop on level 1 of the Snake Pit)

   rElec:     It insulates you from electricity.
 f - a +1 hand axe of flaming
 h - the +10 zealot's sword {holy, Zealotry, *Rage rN+ EV+3}
   (You found it on level 3 of the Lair of Beasts)

   Zealotry:  Whenever the wielder enters a berserk rage, their allies are
   berserked alongside them.
   EV:        It affects your evasion (+3).
   rN:        It protects you from negative energy.
   *Rage:     It berserks you when you make melee attacks (+20% chance).
 q - a +3 demon whip of venom
 y - a +0 vampiric war axe
Missiles
 l - 17 boomerangs
 w - 16 poisoned darts (quivered)
 B - 6 javelins
 P - 2 throwing nets
 U - 4 silver boomerangs
Armour
 b - a +0 cloak (worn)
 c - a +1 tower shield of protection
 d - an orb of light (worn)
 g - a +1 helmet (worn)
 n - a +1 pair of gloves of strength (worn)
 r - the +3 plate armour of Trial and Error (worn) {+Blink Regen+}
   (You acquired it on level 1 of the Dungeon)

   +Blink:    It lets you blink.
   Regen:     It increases your rate of health regeneration.
 L - the +3 chain mail of the Game of Life {Fly rPois rN++ Dex-5}
   (You bought it in a shop on level 2 of the Orcish Mines)

   Dex:       It affects your dexterity (-5).
   rPois:     It protects you from poison.
   rN:        It greatly protects you from negative energy.
   Fly:       It grants you flight.
 Z - a +2 troll leather armour {Snorg}
Jewellery
 v - a ring of protection from cold
 F - an amulet of guardian spirit (around neck)
 Q - a +4 ring of protection (left hand)
 W - a +4 ring of protection (right hand)
Wands
 a - a wand of polymorph (3)
 i - a wand of iceblast (3)
 p - a wand of light (15)
 C - a wand of paralysis (22)
 T - a wand of digging (7)
 X - a wand of flame (11)
Scrolls
 j - 2 scrolls of fog
 o - 2 scrolls of magic mapping
 s - 2 scrolls of summoning {unknown}
 t - 9 scrolls of teleportation {unknown}
 x - a scroll of poison
 A - a scroll of silence
 H - 4 scrolls of enchant armour {unknown}
 K - 3 scrolls of fear {unknown}
 S - 4 scrolls of blinking
Potions
 k - 8 potions of curing
 m - 7 potions of flight {unknown}
 u - 2 potions of berserk rage
 z - 5 potions of heal wounds
 D - a potion of resistance
 E - 3 potions of lignification
 G - 6 potions of attraction {unknown}
 I - 4 potions of invisibility {unknown}
 J - 2 potions of might
 N - a potion of haste
 R - 2 potions of cancellation
Miscellaneous
 V - a phial of floods


   Skills:
 + Level 10.2 Fighting
 + Level 2.7(6.0) Short Blades
 + Level 9.2(9.4) Long Blades
 + Level 10.2(11.6) Axes
 + Level 7.4(9.3) Maces & Flails
 + Level 5.5 Throwing
 + Level 10.2 Armour
 + Level 3.3 Dodging
 + Level 2.5 Stealth
 + Level 7.4 Shields
 * Level 12.9 Invocations
 * Level 10.1 Evocations


You had 13 spell levels left.
You didn't know any spells.
Your spell library contained the following spells:

 Spells                   Type           Power      Damage    Failure   Level
 Foxfire                  Conj/Fire      0%         2x1d4     99%         1
 Necrotise                Necr           0%         1d4       99%         1
 Ensorcelled Hibernation  Hex/Ice        0%         N/A       100%        2
 Passwall                 Tmut/Erth      0%         N/A       100%        2
 Static Discharge         Conj/Air       0%         2-2/arc   100%        2
 Frozen Ramparts          Ice            0%         1d1       100%        3
 Hailstorm                Conj/Ice       0%         3d3       100%        3
 Ignite Poison            Fire/Tmut/Pois 0%         N/A       100%        3
 Swiftness                Air            0%         N/A       100%        3
 Vampiric Draining        Necr           0%         2d6       100%        3
 Airstrike                Air            0%         2d(0-16)  100%        4
 Ice Form                 Ice/Tmut       0%         N/A       100%        4
 Leda's Liquefaction      Hex/Erth       0%         N/A       100%        4
 Sticky Flame             Conj/Fire      0%         2d3       100%        4
 Summon Ice Beast         Ice/Summ       0%         N/A       100%        4
 Summon Lightning Spire   Summ/Air       0%         N/A       100%        4
 Agony                    Necr           0%         N/A       100%        5
 Alistair's Intoxication  Tmut/Pois      0%         N/A       100%        5
 Borgnjor's Vile Clutch   Necr/Erth      0%         N/A       100%        5
 Fireball                 Conj/Fire      0%         3d3       100%        5
 Lee's Rapid Deconstruct  Erth           0%         3d4*      100%        5
 Summon Forest            Summ/Tloc      0%         N/A       100%        5
 Conjure Ball Lightning   Conj/Air       0%         3x3d6     100%        6
 Eringya's Noxious Bog    Tmut/Pois      0%         N/A       100%        6
 Plasma Beam              Fire/Air       0%         2x1d11    100%        6
 Simulacrum               Ice/Necr       0%         N/A       100%        6
 Starburst                Conj/Fire      0%         6d3       100%        6
 Statue Form              Tmut/Erth      0%         N/A       100%        6
 Summon Hydra             Summ           0%         N/A       100%        7
 Discord                  Hex            0%         N/A       100%        8
 Disjunction              Tloc           0%         N/A       100%        8
 Ignition                 Fire           0%         3d3       100%        8


Dungeon Overview and Level Annotations

Branches:
Dungeon (11/15)            Temple (0/1) D:4            Lair (5/5) D:8
  Swamp (0/4) Lair:3        Snake (1/4) Lair:3        Slime (0/5) Lair:5
    Orc (2/2) D:11            Elf (0/3) Orc:2       Ossuary (visited)

Altars:
Dithmenos
Fedhas
Hepliaklqana
Qazlal
Sif Muna
Wu Jian
Xom
Zin
Beogh

Shops:
D:8 *   Orc:2 [(**   Snake:1 (![

Annotations:
Snake:1 Nikola


Message History

The naga mage barely misses you. The naga mage constricts you.
* * * LOW HITPOINT WARNING * * *
Nikola mumbles some strange words.
Nikola blinks!
The naga spits poison at you. The splash of poison hits you.
You are more poisoned.
* * * LOW HITPOINT WARNING * * *
The naga spits poison at you.
The splash of poison hits you but does no damage.
You are more poisoned.
You have difficulty breathing.
* * * LOW HITPOINT WARNING * * *
You feel as though you will be slow longer.
The naga hits you but does no damage.
Ugrim hits the naga with a +0 triple sword!!
The naga dies!
Beogh accepts your kill.
The naga mage hits you but does no damage.
The naga mage constricts you.
Nikola gestures wildly while chanting.
Nikola blinks!
The naga hits you with a +0 scimitar.
* * * LOW HITPOINT WARNING * * *
The naga hits you but does no damage.
You escape the naga mage's grasp.
You blink.
* * * LOW HITPOINT WARNING * * *
You feel extremely sick. The naga spits poison at you.
The splash of poison hits you but does no damage.
You are lethally poisoned!
Unknown command.
You barely miss Nikola.
Nikola is almost dead.
* * * LOW HITPOINT WARNING * * *
You feel extremely sick.
The naga mage casts a spell at the naga.
The naga seems to grow toxic.
Nikola casts a spell.
Lightning arcs from Nikola's hands!
The bolt of lightning hits you! You resist.
You die...

.........
..#.....
#......# o.#
.... #......#
#)# ...
#......# [[#
#......# ..#
.......
#......# ..#
.......
#......# ..#
......##.....#
###
.##......@...#
###
(.........@..#
..#
.......NN....#
..#
........Noo..#
..#
.......o)..!.#
..#
.............#
..#
.......#.#...#
..#
(##....#o#....#
..# #...##.##
..#


You could see Nikola (extremely poisoned, drained, ally target), a naga mage
(fast, ally target), 2 nagas, a friendly orc knight (strong), the friendly
Bogwik the orc knight (strong), the friendly Borgun the orc knight (strong) and
the friendly Ugrim the orc knight (strong).

Vanquished Creatures
  Josephine (Orc:2)
  A hydra (Lair:5)
  2 two-headed ogres (Orc:2)
  A boulder beetle (Lair:3)
  A naga ritualist (Snake:1)
  A salamander (Snake:1)
  An elephant (Lair:5)
  5 black mambas
  A cane toad (Lair:5)
  An unseen horror (D:10)
  3 komodo dragons
  3 polar bears (Lair:5)
  A troll (Orc:1)
  A dream sheep (Lair:5)
  3 hornets
  4 spriggans (Lair:5)
  3 shadows
  Sigmund (D:4)
  A vampire (D:10)
  3 wraiths
  A wyvern (D:8)
  5 yaks
  A basilisk (D:8)
  A steam dragon (Lair:2)
  2 vampire mosquitoes (D:10)
  A naga (Snake:1)
  Duvessa (D:6)
  2 water moccasins
  2 black bears (D:4)
  2 centaurs
  3 boggarts (Lair:5)
  7 ogres
  13 wolves
  A phantom (D:11)
  An elf zombie (Ossuary)
  3 kobold brigands
  2 bullfrogs
  2 scorpions
  13 wights
  7 killer bees
  Dowan (D:6)
  2 howler monkeys (D:9)
  An electric eel (D:8)
  A centaur zombie (Ossuary)
  4 hounds
  An orc priest (D:6)
  3 human zombies (Ossuary)
  A jelly (D:5)
  5 orc wizards
  5 iguanas
  7 ogre zombies
  7 mummies (Ossuary)
  9 gnolls
  9 adders
  An ufetubus (D:4)
  A worm zombie (D:7)
  2 adder zombies (Ossuary)
  3 worms
  11 orcs
  8 bats
  8 endoplasms
  A giant cockroach (D:1)
  12 goblins
  7 hobgoblins
  11 jackals
  15 kobolds
  3 quokkas (D:4)
  6 ball pythons
  3 frilled lizards
  A goblin skeleton (D:11)
  6 goblin zombies
  A hobgoblin skeleton (D:11)
  8 hobgoblin zombies
  3 kobold zombies
  6 orc zombies (D:11)
  4 quokka zombies (Ossuary)
  4 rats
  4 rat zombies (Ossuary)
293 creatures vanquished.

Vanquished Creatures (collateral kills)
  Snorg (D:10)
  5 hydras
  4 ogre magi (Orc:2)
  A boulder beetle (D:11)
  9 two-headed ogres
  2 anacondas (Snake:1)
  2 naga warriors (Snake:1)
  3 death yaks (Lair:2)
  A tengu warrior (D:11)
  2 naga sharpshooters (Snake:1)
  A shock serpent (Snake:1)
  A skyshark (Lair:4)
  Amaemon (Lair:2)
  4 mana vipers (Snake:1)
  3 salamanders (Snake:1)
  11 elephants
  Maurice (D:9)
  7 black mambas
  A guardian serpent (Snake:1)
  14 cane toads
  An orange demon (Lair:2)
  7 komodo dragons
  5 polar bears
  3 trolls
  4 hornets (Lair:5)
  5 blink frogs
  8 spriggans (Lair:5)
  A shadow (D:10)
  A wraith (Orc:2)
  7 wyverns
  2 vampires (D:9)
  22 yaks
  5 basilisks
  2 steam dragons
  2 wargs
  6 nagas (Snake:1)
  2 swamp worms (Lair:3)
  16 water moccasins
  2 orc warriors
  An ice beast (D:8)
  A sky beast (D:7)
  5 black bears
  21 ogres
  33 wolves
  A boggart (Lair:5)
  3 centaurs
  10 bullfrogs
  A gnoll sergeant (D:8)
  A scorpion (D:6)
  7 wights
  A troll zombie (D:11)
  5 killer bees
  An electric eel (Lair:2)
  2 howler monkeys
  A vampire bat (D:7)
  A wyvern simulacrum (D:8)
  A hound (D:7)
  4 orc priests
  An iguana (D:6)
  3 orc wizards
  4 ogre zombies (D:11)
  A centaur simulacrum (D:8)
  6 gnolls
  A shadow imp (D:8)
  A white imp (D:7)
  5 orcs
  4 bats (D:7)
  7 kobolds
  A goblin zombie (D:11)
  A hobgoblin skeleton (D:11)
  2 hobgoblin zombies
  9 orc zombies (D:11)
321 creatures vanquished.

Vanquished Creatures (others)
  2 orc knights
  3 orc warriors
  9 orc priests
  A hound (D:6)
  10 orc wizards
  An ufetubus (D:6)
  22 orcs
  A goblin (D:9)
49 creatures vanquished.

Grand Total: 663 creatures vanquished

Notes
Turn   | Place    | Note
-------+----------+-------------------------------------------
     0 | D:1      | Kazon the Hill Orc Monk began the quest for the Orb.
     0 | D:1      | Reached XP level 1. HP: 19/19 MP: 1/1
    45 | D:1      | Identified a scroll of acquirement
    45 | D:1      | Acquired the +3 plate armour of Trial and Error {+Blink
                  | Regen+}
   106 | D:1      | Reached XP level 2. HP: 27/27 MP: 2/2
   330 | D:1      | Reached XP level 3. HP: 31/33 MP: 3/3
   924 | D:2      | Reached skill level 1 in Armour
  1012 | D:2      | Reached skill level 1 in Shields
  1012 | D:2      | Reached XP level 4. HP: 40/40 MP: 4/4
  1038 | D:2      | Reached skill level 5 in Axes
  1709 | D:3      | Found a stormy altar of Qazlal.
  1810 | D:3      | Found a faded altar of an unknown god.
  1978 | D:3      | Found a blossoming altar of Fedhas.
  2001 | D:3      | Reached XP level 5. HP: 46/46 MP: 5/5
  2090 | D:3      | Identified the +2 sling "Qeuhanocyt" {speed, rElec Str-3
                  | Dex+2}
  2112 | D:4      | You fall into a shaft and drop 1 floor!
  2112 | D:5      | Entered Level 5 of the Dungeon
  2282 | D:6      | Became a worshipper of Beogh the Brigand
  2282 | D:6      | Reached * piety under Beogh
  2282 | D:6      | Reached ** piety under Beogh
  2466 | D:4      | Reached XP level 6. HP: 55/55 MP: 6/6
  2576 | D:4      | Noticed a black bear
  2584 | D:4      | Reached skill level 1 in Invocations
  2598 | D:4      | Killed a black bear
  2599 | D:4      | Reached skill level 1 in Evocations
  2607 | D:4      | Found a hazy altar of Hepliaklqana.
  2608 | D:4      | Found a shadowy altar of Dithmenos.
  2608 | D:4      | Noticed a shadow
  2638 | D:4      | Noticed Sigmund
  2646 | D:4      | Killed Sigmund
  2647 | D:4      | Reached skill level 5 in Fighting
  2647 | D:4      | Reached skill level 2 in Invocations
  2647 | D:4      | Reached XP level 7. HP: 61/61 MP: 8/8
  2704 | D:4      | Found a staircase to the Ecumenical Temple.
  3251 | D:5      | Reached skill level 3 in Invocations
  3261 | D:5      | Reached XP level 8. HP: 18/69 MP: 4/10
  3381 | D:6      | Noticed Dowan
  3382 | D:6      | Noticed Duvessa
  3392 | D:6      | Killed Dowan
  3397 | D:6      | Killed Duvessa
  3449 | D:6      | Reached skill level 1 in Short Blades
  3469 | D:6      | Reached *** piety under Beogh
  3770 | D:6      | Reached skill level 4 in Invocations
  3774 | D:6      | Found a shimmering altar of Xom.
  4006 | D:7      | Reached XP level 9. HP: 68/75 MP: 12/12
  4013 | D:7      | Reached skill level 5 in Invocations
  4032 | D:7      | Found a sand-covered staircase.
  4042 | D:7      | Reached **** piety under Beogh
  4051 | Ossuary  | Entered an ossuary
  4517 | Ossuary  | Reached ***** piety under Beogh
  4525 | Ossuary  | Reached skill level 1 in Long Blades
  4751 | D:7      | Reached skill level 1 in Throwing
  4879 | D:7      | Reached skill level 5 in Shields
  4931 | D:7      | Reached skill level 5 in Evocations
  5037 | D:7      | Noticed a two-headed ogre
  5050 | D:7      | Killed a two-headed ogre
  5051 | D:7      | Reached skill level 6 in Invocations
  5201 | D:8      | Reached XP level 10. HP: 67/83 MP: 14/14
  5209 | D:8      | Reached skill level 5 in Armour
  5631 | D:8      | Gained Bogrim as an ally
  5665 | D:8      | Reached skill level 1 in Stealth
  5985 | D:8      | Reached skill level 7 in Invocations
  6152 | D:8      | Found a staircase to the Lair.
  6186 | D:8      | Found Izo Qiri's Assorted Antiques.
  6197 | D:8      | Bought a scroll labelled JIYFIZX FOFUA for 29 gold pieces
  6197 | D:8      | Bought a sedimented brown potion for 26 gold pieces
  6197 | D:8      | Bought a curved iron wand for 116 gold pieces
  6665 | D:9      | Noticed Maurice
  6673 | D:9      | Killed Maurice
  7333 | Lair:1   | Entered Level 1 of the Lair of Beasts
  7335 | Lair:1   | Reached XP level 11. HP: 92/92 MP: 16/16
  7359 | Lair:1   | Reached skill level 8 in Invocations
  7503 | Lair:1   | Reached skill level 5 in Long Blades
  7627 | Lair:1   | Reached ****** piety under Beogh
  8075 | Lair:2   | Noticed Amaemon
  8082 | Lair:2   | Killed Amaemon
  8106 | Lair:2   | Noticed a death yak
  8106 | Lair:2   | Noticed a death yak
  8123 | Lair:2   | Noticed a death yak
  8179 | Lair:2   | Killed a death yak
  8182 | Lair:2   | Killed a death yak
  8185 | Lair:2   | Killed a death yak
  8292 | Lair:2   | Noticed a five-headed hydra
  8297 | Lair:2   | Killed a five-headed hydra
  8298 | Lair:2   | Reached skill level 10 in Axes
  8426 | Lair:2   | Reached skill level 9 in Invocations
  8460 | Lair:2   | Found an ornate altar of the Wu Jian Council.
  8997 | D:10     | Entered Level 10 of the Dungeon
  9077 | D:10     | Reached XP level 12. HP: 102/102 MP: 18/18
  9084 | D:10     | Reached skill level 1 in Maces & Flails
  9273 | D:10     | Noticed a two-headed ogre
  9279 | D:10     | Killed a two-headed ogre
  9597 | D:10     | Noticed Snorg
  9603 | D:10     | Killed Snorg
  9618 | D:10     | Found a shimmering blue altar of Sif Muna.
  9994 | Lair:3   | Found a staircase to the Swamp.
 10007 | Lair:3   | Found the +10 zealot's sword {holy, Zealotry, *Rage rN+
                  | EV+3}
 10204 | Lair:3   | Gained Boderik as an ally
 10228 | Lair:3   | Found a staircase to the Snake Pit.
 10272 | Lair:3   | Noticed a boulder beetle
 10284 | Lair:3   | Killed a boulder beetle
 10432 | Lair:3   | Reached skill level 10 in Invocations
 10796 | Lair:4   | Your ally Boderik died
 10934 | Lair:4   | Noticed a skyshark
 10940 | Lair:4   | Noticed a four-headed hydra
 10940 | Lair:4   | Killed a skyshark
 10947 | Lair:4   | Killed a three-headed hydra
 11060 | Lair:4   | Noticed a four-headed hydra
 11067 | Lair:4   | Killed a four-headed hydra
 11208 | Lair:4   | Reached skill level 5 in Maces & Flails
 11577 | D:11     | Found a staircase to the Orcish Mines.
 11583 | D:11     | Noticed a tengu warrior
 11595 | D:11     | Killed a tengu warrior
 12174 | D:11     | Noticed a boulder beetle
 12180 | D:11     | Killed a boulder beetle
 12649 | Lair:4   | Reached XP level 13. HP: 111/111 MP: 21/21
 12711 | Lair:4   | Reached skill level 11 in Invocations
 12846 | Lair:5   | Entered Level 5 of the Lair of Beasts
 12882 | Lair:5   | Found a staircase to the Slime Pits.
 12970 | Lair:5   | Gained Worak as an ally
 13171 | Lair:5   | Gained Ugrim as an ally
 13191 | Lair:5   | Paralysed by a hornet for 2 turns
 13474 | Lair:5   | Reached skill level 5 in Throwing
 14020 | Orc:1    | Entered Level 1 of the Orcish Mines
 14090 | Orc:2    | Entered Level 2 of the Orcish Mines
 14090 | Orc:2    | Noticed Josephine
 14103 | Orc:2    | Found a staircase to the Elven Halls.
 14103 | Orc:2    | Found a roughly hewn altar of Beogh.
 14106 | Orc:2    | Killed Josephine
 14115 | Orc:2    | Gained Bogwik as an ally
 14118 | Orc:2    | Gained Olfrun as an ally
 14120 | Orc:2    | Gained Borgun as an ally
 14121 | Orc:2    | Reached skill level 12 in Invocations
 14124 | Orc:2    | Paralysed by an ogre mage for 4 turns
 14128 | Orc:2    | Reached XP level 14. HP: 26/119 MP: 4/23
 14128 | Orc:2    | Your ally Olfrun died
 14129 | Orc:2    | Reached skill level 10 in Fighting
 14129 | Orc:2    | Your ally Bogwik died
 14131 | Orc:2    | Gained Wargrak as an ally
 14403 | Orc:2    | Found Lifoc's Assorted Antiques.
 14403 | Orc:2    | Found Itoejit's Antique Weapon Shop.
 14404 | Orc:2    | Found Fiots's General Store.
 14404 | Orc:2    | Found Jigu's Antique Armour Emporium.
 14411 | Orc:2    | Bought an inky potion for 36 gold pieces
 14413 | Orc:2    | Bought a pair of glowing gloves for 187 gold pieces
 14413 | Orc:2    | Bought a crude chain mail for 237 gold pieces
 14413 | Orc:2    | Identified the +3 chain mail of the Game of Life {Fly rPois
                  | rN++ Dex-5} (You bought it in a shop on level 2 of the
                  | Orcish Mines)
 15167 | Snake:1  | Entered Level 1 of the Snake Pit
 15192 | Snake:1  | Reached skill level 10 in Armour
 15249 | Snake:1  | Identified the ring of Enowk {Ice Int+5}
 15292 | Snake:1  | Reached skill level 10 in Evocations
 15316 | Snake:1  | Your ally Worak died
 15407 | Snake:1  | Found a glowing silver altar of Zin.
 15471 | Snake:1  | Found Suyxaint's Antique Weapon Shoppe.
 15473 | Snake:1  | Found Cymmoo's Distillery.
 15476 | Snake:1  | Found Ygoulout's Armour Shoppe.
 15479 | Snake:1  | Bought an ancient falchion for 192 gold pieces
 15479 | Snake:1  | Identified the +4 falchion "Giantbane" {drain, rElec} (You
                  | bought it in a shop on level 1 of the Snake Pit)
 15542 | Snake:1  | Noticed Nikola
 15553 | Snake:1  | Killed from afar by Nikola

Illustrated notes

Levels and vault maps discovered:
D:1:      ebering_trefoil_3fold, layout_basic, st_stairs_14, serial_bayou_ford_a
D:2:      layout_basic, hangedman_decor_growths, minmay_close_crescents
D:3:      layout_rooms, mainiacjoe_overflow_concentric_impassable,
          mainiacjoe_overflow_paths, shapermc_ecumenical_altar_acropolis,
          chequers_serial_rivers_micro_b
D:4:      layout_basic, riverfiend_overflow_shadow_ancestor,
          minmay_temple_entry_glass, uniq_sigmund
D:5:      layout_gridville
D:6:      layout_basic, xom_teletrap_fun, uniq_duvessa
D:7:      layout_loops_ring, enter_ossuary_3, roderic_batcave
D:8:      layout_layer_cave, minmay_lair_entry_grove, serial_shops,
          nicolae_lakefront_shop, serial_ice, serial_ice_o, serial_ice_d,
          serial_ice_k, serial_ice_a
D:9:      layout_loops_ring, nicolae_wwwww, uniq_maurice
D:10:     layout_irregular_city, led_sif_pool, uniq_snorg
D:11:     layout_basic, zombieorc2_lemuel, chequers_garden
Lair:1:   layout_big_grid, serial_bayou_pond_a
Lair:2:   layout_gridlike, basic_altar, uniq_amaemon
Lair:3:   layout_small_grid, swamp_mist, minmay_snake_entry_six_corridors,
          worms_lemuel, serial_bayou_shore_a
Lair:4:   layout_gridlike, nzn_random_ring, infiniplex_staircase_pool_2
Lair:5:   minmay_lair_end_enchanted_forest, layout_misc_corridors,
          dpeg_slime_entry_enclosed
Snake:1:  layout_grid_maze, basic_altar, nicolae_snake_guarding_the_ruins,
          minmay_shop_star, uniq_donald, uniq_nikola
Orc:1:    layout_caves, serial_shops, nicolae_orc_sculptors_studio
Orc:2:    st_orc_ogre_mass, layout_caves, basic_altar, nicolae_orc_tapped_out,
          uniq_josephine

Skill      XL: |  1  2  3  4  5  6  7  8  9 10 11 12 13 14 |
---------------+-------------------------------------------+-----
Fighting       | 4 5 6 7 8 9 10 | 10.2
Armour         | 1 2 3 4 6 7 8 9 10 | 10.2
Shields        | 1 2 3 4 5 7 |  7.4
Axes           | 5 6 7 9 10 | 10.2
Invocations    | 2 3 4 6 7 9 10 12 | 12.9
Evocations     | 1 2 4 5 7 8 9 10 | 10.1
Short Blades   | 2 |  2.7
Long Blades    | 2 4 6 8 9 |  9.2
Throwing       | 1 2 3 4 5 |  5.5
Dodging        | 3 |  3.3
Stealth        | 1 2 |  2.5
Maces & Flails | 5 7 |  7.4

Action                     |  1- 3 |  4- 6 |  7- 9 | 10-12 | 13-15 || total
---------------------------+-------+-------+-------+-------+-------++-------
  Melee: Hand axe          |   140 |   213 |   544 |   323 |       ||  1220
         Demon whip        |       |       |       |   119 |    90 ||   209
         Eudemon blade     |       |       |       |    42 |    82 ||   124
         Falchion          |       |       |       |       |     7 ||     7
  Throw: Stone             |       |     7 |     7 |       |       ||    14
         Dart              |       |       |     9 |    50 |    23 ||    82
         Boomerang         |       |       |    14 |    45 |       ||    59
         Javelin           |       |       |       |     1 |    10 ||    11
 Invoke: Convert to Beogh  |       |     1 |       |       |       ||     1
         Give Item to Name |       |       |       |     1 |     5 ||     6
         Smiting           |       |       |       |     1 |       ||     1
         Recall Orcish Fol |       |       |       |     9 |     4 ||    13
         Resurrection      |       |       |       |       |     1 ||     1
Ability: Evoke Blink       |       |       |       |       |     1 ||     1
  Evoke: Wand              |       |       |     2 |     5 |     2 ||     9
    Use: Scroll            |     2 |       |       |    10 |     7 ||    19
         Potion            |     1 |       |       |     6 |       ||     7
   Stab: Paralysed         |       |       |       |     5 |       ||     5
         Distracted        |       |       |       |     7 |     2 ||     9
         Confused          |       |       |       |     2 |       ||     2
 Armour: Robe              |     3 |       |       |       |       ||     3
         Plate armour      |    98 |   138 |   311 |   373 |   172 ||  1092
  Dodge: Dodged            |    17 |    10 |    53 |   142 |   113 ||   335
  Block: Tower shield      |    74 |   152 |   422 |   229 |       ||   877
